 Dungeon Crawl Stone Soup version 0.22-a0-322-g60b3cfd (webtiles) character file.

259 kidcy the Skirmisher (level 5, -12/43 HPs)
             Began as a Demonspawn Fighter on Apr 2, 2018.
             Was an Initiate of Gozag.
             Mangled by an ogre
             ... wielding a +0 giant club
              (22 damage)
             ... on level 4 of the Dungeon.
             The game lasted 00:03:26 (2747 turns).

kidcy the Skirmisher (Demonspawn Fighter)           Turns: 2747, Time: 00:03:27

Health: -12/43     AC: 10    Str: 18    XL:     5   Next: 94%
Magic:  5/5        EV:  5    Int:  9    God:    Gozag
Gold:   277        SH:  9    Dex: 12    Spells: 4/4 levels left

rFire    . . .     SeeInvis .   a - +0 flail
rCold    . . .     Gourm    .   c - +0 shield
rNeg     . . .     Faith    .   l - +0 chain mail
rPois    .         Spirit   .   (no helmet)
rElec    .         Reflect  .   (no cloak)
rCorr    .         Harm     .   (no gloves)
MR       .....                  (no boots)
Stlth    ..........             (no amulet)
HPRegen  0.14/turn              (no ring)
MPRegen  0.09/turn              (no ring)

@: no status effects
A: rugged brown scales 1, powered by death 1
a: Potion Petition, Call Merchant, Bribe Branch, Renounce Religion


You were on level 4 of the Dungeon.
You worshipped Gozag.
Gozag was aware of your devotion.
You were not hungry.

You visited 1 branch of the dungeon, and saw 4 of its levels.

You collected 286 gold pieces.
You paid 9 gold pieces to Gozag.

Inventory:

Hand Weapons
 a - a +0 flail (weapon)
Armour
 b - a +0 scale mail
 c - a +0 shield (worn)
 l - a +0 chain mail (worn)
Scrolls
 e - a scroll of amnesia {unknown}
 g - 2 scrolls of enchant weapon {unknown}
 j - 4 scrolls of identify {unknown}
 k - 3 scrolls of remove curse {unknown}
 m - a scroll of magic mapping {unknown}
Potions
 d - a potion of might
 h - a potion of ambrosia {unknown}
 i - a potion of degeneration {unknown}
 n - a potion of resistance {unknown}
 o - a potion of mutation {unknown}
Comestibles
 f - 6 rations


   Skills:
 + Level 4.0 Fighting
 * Level 3.8 Maces & Flails
 + Level 3.6 Armour
 + Level 3.6 Shields


You had 4 spell levels left.
You didn't know any spells.

Dungeon Overview and Level Annotations

Branches:
Dungeon (4/15)
 Temple: D:4-7

Altars:
Dithmenos
Gozag
Qazlal

Shops:
D:2 *


Innate Abilities, Weirdness & Mutations

You are partially covered in rugged brown scales. (AC +1, +3% HP)
You regenerate a little health from kills.


Message History

An ogre is nearby!
You aren't carrying any items that you can evoke.
There is a stone staircase leading up here.
There is a stone staircase leading up here.
You aren't carrying any items that you can evoke.
Unknown command.
Okay, then.
The ogre hits you with a giant club!
There is a stone staircase leading up here.
You sock the ogre!
The ogre is moderately wounded.
The ogre hits you with a giant club!!
Ouch! That really hurt!
* * * LOW HITPOINT WARNING * * *
Your shield and chain mail prevent you from hitting the ogre.
The ogre is moderately wounded.
The ogre hits you with a giant club!!
Ouch! That really hurt!
You die...
Your body crumbles into a pile of gold.

#.# #.# ###.###
##.....# # #
##....#.###<#
###.#####..........%
................#.#
#..............#
######.<@O...#..#
###....##.#.#
#.......# #
####..### #..# #..#
#>.# #..# #..#


You could see an ogre.

Vanquished Creatures
  The ghost of TheNamelessOne the Insei, an amateur OpTm (D:3)
  Jessica (D:2)
  An orc wizard (D:3)
  7 gnolls (D:2)
  An adder (D:3)
  2 dart slugs
  3 leopard geckos
  2 orcs (D:3)
  2 ball pythons (D:1)
  A giant cockroach (D:3)
  3 goblins
  3 hobgoblins
  4 jackals (D:3)
  A quokka (D:2)
  7 bats
  A frilled lizard (D:1)
  11 kobolds
  3 rats
54 creatures vanquished.

Notes
Turn   | Place    | Note
-------+----------+-------------------------------------------
     0 | D:1      | kidcy the Demonspawn Fighter began the quest for the Orb.
     0 | D:1      | Reached XP level 1. HP: 18/18 MP: 1/1
    67 | D:1      | Gained mutation: You are partially covered in rugged brown scales. (AC +1, +3% HP) [demonic ancestry]
    67 | D:1      | Reached XP level 2. HP: 13/24 MP: 2/2
  1017 | D:2      | Reached XP level 3. HP: 17/29 MP: 3/3
  1159 | D:2      | Found an opulent altar of Gozag.
  1291 | D:2      | Found Gozag's Platinum Reserve.
  1299 | D:2      | Became a worshipper of Gozag Ym Sagoz the Greedy
  1322 | D:2      | Gained mutation: You regenerate a little health from kills. [demonic ancestry]
  1322 | D:2      | Reached XP level 4. HP: 35/36 MP: 4/4
  1506 | D:2      | Found a stormy altar of Qazlal.
  1509 | D:2      | Noticed Jessica
  1518 | D:2      | Killed Jessica
  1845 | D:3      | Reached XP level 5. HP: 43/43 MP: 5/5
  1907 | D:3      | Found a shadowy altar of Dithmenos.
  2273 | D:3      | Noticed TheNamelessOne's ghost (amateur OpTm)
  2292 | D:3      | Killed TheNamelessOne's ghost
  2292 | D:3      | Reached skill level 4 in Fighting
  2738 | D:4      | Noticed an ogre
  2747 | D:4      | Mangled by an ogre

Vault maps used:
D:1:      giann_horns, solitary_fountain
D:2:      lemuel_doored_altar, nicolae_gozag_zags_fifth_avenue, uniq_jessica
D:3:      grunt_dithmenos_smoke
D:4:      first_ration, serial_shops, kennysheep_mini_moat,
          nicolae_shop_behind_doors, shop, uniq_ijyb

Skill      XL: |  1  2  3  4  5 |
---------------+----------------+-----
Maces & Flails | 2 3 |  3.8
Armour         | 3 |  3.6
Shields        | 3 |  3.6
Fighting       | 4 |  4.0

Action                   |  1- 3 |  4- 6 || total
-------------------------+-------+-------++-------
Melee: Flail             |    73 |   131 ||   204
  Eat: Chunk             |     1 |       ||     1
       Ration            |       |     2 ||     2
Armor: Scale mail        |    40 |       ||    40
       Chain mail        |     1 |    90 ||    91
Dodge: Dodged            |    16 |    23 ||    39
Block: Shield            |    36 |    74 ||   110

Table legend:
 A = Spawn XP
 B = Non-spawn XP
 C = Spawn XP percentage of total XP
 D = Spawn monster count
 E = Non-spawn monster count
 F = Spawn count percentage of total count
 G = Total turns spent on level
                    A         B        C        D         E        F      G
               +---------+---------+-------+---------+---------+-------+---------
         Total |       0 |     370 |   0.0 |       0 |      54 |   0.0 |  2747
               +---------+---------+-------+---------+---------+-------+---------
           D:1 |       0 |      33 |   0.0 |       0 |      17 |   0.0 |   985
           D:2 |       0 |     151 |   0.0 |       0 |      16 |   0.0 |   847
           D:3 |       0 |     186 |   0.0 |       0 |      21 |   0.0 |   895
               +---------+---------+-------+---------+---------+-------+---------
